 Dungeon Crawl Stone Soup version 0.20.0-15-g7f486f2 (webtiles) character file.

890 JarielCorvus the Thaumaturge (level 7, -5/36 HPs)
             Began as a Deep Elf Wizard on June 12, 2017.
             Slain by a slave (6 damage)
             ... led by Pikel
             ... on level 4 of the Dungeon.
             The game lasted 00:27:52 (4427 turns).

JarielCorvus the Thaumaturge (Deep Elf Wizard)      Turns: 4427, Time: 00:27:54

Health: -5/36      AC:  4    Str:  6    XL:     7   Next: 77%
Magic:  22/23      EV: 13    Int: 25    God:
Gold:   133        SH:  0    Dex: 13    Spells: 16/27 levels left

rFire    . . .     SeeInvis .   p - +5 scythe (holy)
rCold    . . .     Gourm    .   (shield currently unavailable)
rNeg     . . .     Faith    .   a - +0 robe
rPois    .         Spirit   .   b - +0 hat
rElec    .         Reflect  .   (no cloak)
rCorr    .         Harm     .   (no gloves)
MR       .....                  (no boots)
Stlth    ++........             (no amulet)
Regen    0.2/turn               (no ring)
MPRegen  0.2/turn               (no ring)

@: no status effects
A: molten scales 1, strong 1, wild magic 1
a: no special abilities


You were on level 4 of the Dungeon.
You were not hungry.

You visited 1 branch of the dungeon, and saw 4 of its levels.

You collected 133 gold pieces.

Inventory:

Hand Weapons
 j - a +0 dagger
 n - a +0 spear
 o - a +1 hunting sling of velocity
 p - a +5 scythe of holy wrath (weapon)
Armour
 a - a +0 robe (worn)
 b - a +0 hat (worn)
 i - a cursed -2 robe
Magical Staves
 m - an uncursed staff of cold {unknown}
Jewellery
 q - an uncursed ring of protection from cold {unknown}
Scrolls
 f - a scroll of remove curse
 h - a scroll of amnesia
 r - a scroll of recharging
 s - a scroll of identify
Potions
 e - a potion of ambrosia
 g - 2 potions of berserk rage
Books
 c - a book of Minor Magic

   Spells                             Type                      Level
   a - Magic Dart                     Conjuration                  1
   b - Blink                          Translocation                2
   c - Call Imp                       Summoning                    2
   d - Slow                           Hexes                        2
   e - Conjure Flame                  Conjuration/Fire             3
   f - Mephitic Cloud                 Conjuration/Poison/Air       3
 t - Sif Muna's Volume of Boosting Attacks
   (You found it on level 4 of the Dungeon)

   Spells                             Type                      Level
   a - Sting                          Conjuration/Poison           1
   b - Shock                          Conjuration/Air              1
   c - Swiftness                      Charms/Air                   2
   d - Dazzling Spray                 Conjuration/Hexes            3
   e - Bolt of Draining               Conjuration/Necromancy       5
 u - a book of Air

   Spells                             Type                      Level
   a - Shock                          Conjuration/Air              1
   b - Swiftness                      Charms/Air                   2
   c - Static Discharge               Conjuration/Air              3
   d - Airstrike                      Air                          4
   e - Lightning Bolt                 Conjuration/Air              5
Comestibles
 d - 4 bread rations
 k - a royal jelly
 l - 6 fruits


   Skills:
 - Level 2.4 Dodging
 - Level 2.4 Stealth
 - Level 10.6 Spellcasting
 * Level 5.2 Conjurations
 - Level 1.1 Summonings
 - Level 1.1 Translocations
 + Level 0.0 Fire Magic
 + Level 0.0 Air Magic


You had 16 spell levels left.
You knew the following spells:

 Your Spells              Type           Power        Failure   Level  Hunger
a - Magic Dart            Conj           ####         1%          1    None
b - Blink                 Tloc           N/A          7%          2    None
c - Call Imp              Summ           ###.....     7%          2    None
d - Conjure Flame         Conj/Fire      ####....     8%          3    None
e - Mephitic Cloud        Conj/Pois/Air  ####....     11%         3    None


Dungeon Overview and Level Annotations

Branches:
Dungeon (4/15)
 Temple: D:4-7

Altars:
Dithmenos
Elyvilon
Gozag
Nemelex Xobeh
Qazlal

Annotations:
D:4 Pikel


Innate Abilities, Weirdness & Mutations

You are partially covered in molten scales. (AC +2)
Your muscles are strong. (Str +2)
Your spells are a little harder to cast, but a little more powerful.


Message History

You closely miss the slave.
The slave is lightly wounded.
The slave closely misses you. The slave hits you.
You hit the slave but do no damage.
The slave is lightly wounded.
The slave hits you but does no damage. x2
You barely miss the slave.
The slave is lightly wounded.
The slave hits you!
* * * LOW HITPOINT WARNING * * *
The slave hits you but does no damage.
You hit the slave.
The slave is moderately wounded.
The slave hits you!
* * * LOW HITPOINT WARNING * * *
The slave barely misses you.
You hit the slave but do no damage.
The slave is moderately wounded.
The slave closely misses you. The slave hits you.
You die...

##.# #...# #.##..........######
##.# #...# #.###..............#
##.####...####.# ##..<##...####.#
##.............####..####.## #..
#######................##.#######
### ####..#######..#.##.....# ..#
#..# ##.....#####.### #.#
#..######..............# ..#
#......@p......##.##.#.# ..#
##.######...#####....... ..# #.#
###.# #.###+## .## #.# #.# #.#
#.# .# #.# #.# #.###.## .# #.#
#.#####.+.._.. .# #.#
#.......###### .# #.# #..####.#
### .# #.# #..# #.######


You could see a slave.

Vanquished Creatures
  The ghost of NoAnimeNoLife the Cudgeler, an amateur DsGl (D:4)
  Sigmund (D:2)
  A slave (D:4)
  An ogre (D:4)
  A scorpion (D:4)
  An orc priest (D:3)
  An orc wizard (D:3)
  Natasha (thrice) (D:3)
  3 hound skeletons (D:4)
  3 gnolls (D:2)
  2 adders
  2 oozes
  2 worms (D:3)
  4 leopard geckos
  13 orcs
  5 giant cockroaches
  9 goblins
  8 hobgoblins
  7 kobolds
  3 ball pythons
  9 bats
  3 frilled lizards (D:2)
  A leopard gecko skeleton (D:4)
  A quokka skeleton (D:4)
  14 rats
99 creatures vanquished.

Vanquished Creatures (collateral kills)
  Menkaure (D:4)
1 creature vanquished.

Vanquished Creatures (others)
  A kobold (D:3)
1 creature vanquished.

Grand Total: 101 creatures vanquished

Notes
Turn   | Place    | Note
-------+----------+-------------------------------------------
     0 | D:1      | JarielCorvus the Deep Elf Wizard began the quest for the Orb.
     0 | D:1      | Reached XP level 1. HP: 10/10 MP: 7/7
   216 | D:1      | Found a sparkling altar of Nemelex Xobeh.
   337 | D:1      | Reached skill level 5 in Spellcasting
   337 | D:1      | Reached XP level 2. HP: 15/15 MP: 6/10
   372 | D:1      | Learned a level 2 spell: Blink
   375 | D:1      | Learned a level 2 spell: Call Imp
  1061 | D:2      | Reached XP level 3. HP: 19/19 MP: 9/12
  1111 | D:2      | Learned a level 3 spell: Conjure Flame
  1115 | D:2      | Learned a level 3 spell: Mephitic Cloud
  1207 | D:2      | Found a shadowy altar of Dithmenos.
  1418 | D:2      | Reached skill level 6 in Spellcasting
  1519 | D:2      | Reached XP level 4. HP: 16/24 MP: 2/14
  1805 | D:2      | Found a sparkling altar of Nemelex Xobeh.
  1883 | D:2      | Noticed Sigmund
  1898 | D:2      | Killed Sigmund
  1898 | D:2      | Reached skill level 7 in Spellcasting
  1898 | D:2      | Reached XP level 5. HP: 28/28 MP: 1/17
  2047 | D:2      | Gained mutation: Your spells are a little harder to cast, but a little more powerful. [potion of mutation]
  2047 | D:2      | Gained mutation: Your muscles are strong. (Str +2) [potion of mutation]
  2047 | D:2      | Gained mutation: You are partially covered in molten scales. (AC +2) [potion of mutation]
  2432 | D:3      | Reached skill level 8 in Spellcasting
  2432 | D:3      | Reached XP level 6. HP: 32/32 MP: 14/19
  2508 | D:3      | Found a white marble altar of Elyvilon.
  2708 | D:3      | Noticed Natasha
  3001 | D:3      | Killed Natasha
  3104 | D:3      | Noticed Natasha
  3108 | D:3      | Killed Natasha
  3128 | D:3      | Noticed Natasha
  3137 | D:3      | Killed Natasha
  3665 | D:4      | Found a stormy altar of Qazlal.
  3700 | D:4      | Reached skill level 9 in Spellcasting
  3707 | D:4      | Reached XP level 7. HP: 36/36 MP: 8/22
  3788 | D:4      | Noticed NoAnimeNoLife's ghost (amateur DsGl)
  3799 | D:4      | Killed NoAnimeNoLife's ghost
  3799 | D:4      | Reached skill level 10 in Spellcasting
  3799 | D:4      | Reached skill level 5 in Conjurations
  4083 | D:4      | Noticed Menkaure
  4092 | D:4      | Killed Menkaure
  4196 | D:4      | Found an opulent altar of Gozag.
  4201 | D:4      | Identified Sif Muna's Volume of Boosting Attacks
  4348 | D:4      | Noticed Pikel
  4426 | D:4      | HP: 1/36 [slave[Pikel] (7)]
  4427 | D:4      | Slain by a slave

Skill      XL: |  1  2  3  4  5  6  7 |
---------------+----------------------+-----
Spellcasting   | 5 6 7 8 9 10 | 10.6
Conjurations   | 2 3 4 5 |  5.2
Dodging        | |  2.4
Stealth        | |  2.4
Summonings     | |  1.1
Translocations | |  1.1

Action                   |  1- 3 |  4- 6 |  7- 9 || total
-------------------------+-------+-------+-------++-------
Melee: Dagger            |     8 |       |       ||     8
       Scythe            |       |    31 |    15 ||    46
 Cast: Magic Dart        |    92 |   112 |    39 ||   243
       Mephitic Cloud    |     1 |     7 |     3 ||    11
       Blink             |       |     1 |       ||     1
       Call Imp          |       |       |     4 ||     4
  Use: Scroll            |     5 |     3 |       ||     8
       Potion            |     2 |     5 |       ||     7
 Stab: Confused          |       |     1 |       ||     1
  Eat: Chunk             |     1 |     2 |       ||     3
       Bread ration      |       |     1 |       ||     1
       Meat ration       |       |       |     1 ||     1
Armor: Robe              |     2 |    10 |    13 ||    25
Dodge: Dodged            |    18 |    22 |    21 ||    61
